Unix NetHack Version 5.0.0-0 post-release - last build May 31 2026 23:59:36 (970b52f25bf058293b47ddfd14a1e40e571c508c,branch:main).

Game began 2026-06-01 21:06:04, ended 2026-06-01 21:19:04.

DrabEmordnilap, chaotic male elven Priest

                                                              ---------
                                                              |.......|
          ------------                           ----+--- ####-....>.(|
          |..........|                           .......|##   |.......|
          |..........|                           |.*....-#    ---------
          |..........-#                          |.*..^.|
          -|----------#                          |@h....|
           #          #                          .......|
           #         ##                          |......|
          ##         #                           --------
          #        ###
         ##        #-------
         #         #|....^|
         #         #|.....|
         #         #......|
      ---|---       |.....|
      |.....|       |.....|
      |.<....       -------
      -------

DrabEmordnilap the Acolyte   St:10 Dx:13 Co:12 In:9 Wi:20 Ch:11  Chaotic
Dlvl:4  $:16 HP:0(29) Pw:25(25) AC:2  Xp:3 T:1242 

Latest messages:
 The hobbit hits!
 The hobbit suddenly disappears!
 The hobbit shoots a rock!
 A rock misses you.
 What do you want to throw? [$at or ?*] t
 In what direction? 2
 The thonged club misses the hobbit.
 The thonged club fails to return!
 What do you want to throw? [$a or ?*] t
 You don't have that object.
 What do you want to throw? [$a or ?*] <esc>
 Never mind.
 a - a blessed +1 mace (weapon in right hand).
 You have no secondary weapon readied.
 The hobbit shoots a rock!
 A rock misses you.
 You see here a thonged club.
 t - a thonged club.
 You are bare handed.
 a - a blessed +1 mace (alternate weapon; not wielded).
 The hobbit shoots a rock!
 You are hit by a rock.
 What do you want to wield? [- at or ?*] t
 You secure the tether.
 t - a thonged club (tethered to right hand).
 What do you want to throw? [$at or ?*] t
 In what direction? 6
 The thonged club misses the hobbit.
 The thonged club returns to your hand!
 You miss the hobbit.
 The hobbit swings his sling.
 The hobbit just misses!
 You miss the hobbit.
 The hobbit swings his sling.
 The hobbit hits!
 You miss the hobbit.
 The hobbit swings his sling.
 The hobbit hits!
 You miss the hobbit.
 The hobbit swings his sling.
 The hobbit misses!
 You hit the hobbit.
 The hobbit swings his sling.
 The hobbit hits!
 You die...
 Do you want your possessions identified? [ynq] (y) y
 Do you want to see your attributes? [ynq] (y) y
 Do you want an account of creatures vanquished? [ynaq] (y) y
 Do you want to see your conduct and achievements? [ynq] (y) y
 Do you want to see the dungeon overview? [ynq] (y) y

Inventory:
 Coins    ('$')
  $ - 16 gold pieces
 Amulets  ('"')
  n - a cursed amulet of change
 Weapons  (')')
  t - a +0 aklys (tethered to right hand)
  a - a blessed +1 mace (alternate weapon; not wielded)
 Armor    ('[')
  B - a +0 pair of high boots (being worn)
  c - a +0 small shield (being worn)
  b - a +0 robe (being worn)
  m - a +0 studded leather armor (being worn)
 Comestibles  ('%')
  e - a clove of garlic
  E - 2 food rations
  o - 2 melons
  v - 2 pears
  f - 2 sprigs of wolfsbane
  x - a lichen corpse
 Scrolls  ('?')
  s - a scroll of blank paper
  p - a scroll of charging
  q - a scroll of destroy armor
  w - a scroll of identify
  l - a scroll of light
  H - a cursed scroll of scare monster
  r - a scroll of teleportation
 Potions  ('!')
  F - a potion of healing
 Wands    ('/')
  j - a wand of light (0:10)
 Tools    ('(')
  i - a wooden flute
 Gems/Stones  ('*')
  G - a worthless piece of black glass

DrabEmordnilap the Priest's attributes:

Background:
 You were an Acolyte, a level 3 elven Priest.
 You were chaotic, nominally on a mission for Anshar
 who was opposed by Anu (lawful) and Ishtar (neutral).
 You were right-handed.
 You were in the Dungeons of Doom, on level 4.
 You entered the dungeon 1242 turns ago.
 There was a full moon in effect when your adventure ended.
 You had 57 experience points, 23 more were needed to attain level 4.

Basics:
 You had 0 out of 29 hit points.
 You had all 25 energy points (spell power).
 Your armor class was 2.
 Your wallet contained 16 zorkmids.
 Autopickup was off.

Final Characteristics:
 Your strength was 10 (limit:18).
 Your dexterity was 13 (limit:18).
 Your constitution was 12 (limit:16).
 Your intelligence was 9 (limit:20).
 Your wisdom was 20 (limit:20).
 Your charisma was 11 (limit:18).

Final Status:
 You weren't hungry.
 You were unencumbered.
 You were wielding a club.
 You were unskilled in club.

Final Attributes:
 You were devoutly aligned.
 You were poison resistant.
 You had infravision.
 You were guarded.
 Your spell casting was enhanced by wearing a robe.
 You were lucky.
 You are dead.

Miscellaneous:
 You didn't encounter any bones levels.
 Total elapsed playing time was 12 minutes and 58 seconds.

Major events:
 Turn
    1: DrabEmordnilap the chaotic elven Priest entered the dungeon
 1079: attained the rank of Acolyte (level 3)
 1242: killed by a hobbit

Spells:
 Name                 Level Category     Fail Retention
 light                  1   clerical       0%  91%-100%
 healing                1   healing        0%  76%-100%

Skills:
 Fighting Skills
   bare handed combat [Unskilled]
 Weapon Skills
   club               [Unskilled]
   mace               [Basic]
   morning star       [Unskilled]
   flail              [Unskilled]
   hammer             [Unskilled]
   quarterstaff       [Unskilled]
   polearms           [Unskilled]
   spear              [Unskilled]
   trident            [Unskilled]
   lance              [Unskilled]
   bow                [Unskilled]
   sling              [Unskilled]
   crossbow           [Unskilled]
   dart               [Unskilled]
   shuriken           [Unskilled]
   boomerang          [Unskilled]
   unicorn horn       [Unskilled]
 Spellcasting Skills
   healing spells     [Unskilled]
   divination spells  [Unskilled]
   clerical spells    [Basic]

Voluntary challenges:
 Character rerolling was not enabled.
 You were an atheist.
 You never genocided any monsters.
 You never polymorphed an object.
 You never changed form.
 You used no wishes.
Achievements:
 You entered a shop.
 You attained the rank of Acolyte.

 The Dungeons of Doom: levels 1 to 5
    Level 1:
       A fountain.
    Level 2: "temp stash"
    Level 3:
       An armor shop.
    Level 4: <- You were here.
       Final resting place for
          you, killed by a hobbit.
    Level 5:


Vanquished creatures:
  a shrieker
  a giant rat
  2 brown molds
  a green mold
  a gnome
  a gecko
  2 jackals
  2 kobolds
  2 sewer rats
  a grid bug
  a lichen
  3 newts
18 creatures vanquished.

No species were genocided or became extinct.

Game over:
                       ----------
                      /          \
                     /    REST    \
                    /      IN      \
                   /     PEACE      \
                  /                  \
                  |  DrabEmordnilap  |
                  |      16 Au       |
                  |   killed by a    |
                  |      hobbit      |
                  |                  |
                  |                  |
                  |       2026       |
                 *|     *  *  *      | *
        _________)/\\_//(\/(/\)/\//\/|_)_______

Goodbye DrabEmordnilap the Priest...

You died in The Dungeons of Doom on dungeon level 4 with 453 points,
and 16 pieces of gold, after 1242 moves.
You were level 3 with a maximum of 29 hit points when you died.

